[Event "Titled Tuesday Blitz July 13 2021"]
[White "Julianos82"]
[Black "Musovic, Armin"]
[BlackFideId "939935"]
[WhiteElo "2362"]
[BlackElo "2250"]
[Result "0-1"]
[Round "04"]
[TimeControl "180+1"]
[Date "2021.07.13"]
[WhiteClock "0:00:14"]
[BlackClock "0:00:40"]

1. d4 d5 2. Bf4 c5 3. e3 Nc6 4. c3 a6 5. Bd3 Nf6 6. Nd2 Bg4 7. f3 Bh5 8. h4 Bg6 9. Qb1 e6 10. Nh3 cxd4 11. exd4 Bd6 12. Kf2 Qc7 13. g3 e5 14. dxe5 Nxe5 15. Bxe5 Bxe5 16. f4 Qb6+ 17. Kg2 Qe3 18. Bxg6 Qxd2+ 19. Kf3 fxg6 20. fxe5 Ne4 21. Qe1 O-O 22. Nf4 Qxb2 23. Rc1 Rae8 24. c4 g5 25. hxg5 Rxe5 26. Qg1 Rxg5 27. cxd5 Rxg3+ 28. Kxe4 Rxg1 29. Rhxg1 Qb4+ 0-1


[Site "https://www.chess.com"]

[Event "Titled Tuesday Blitz July 13 2021"]
[White "Kapitanchuk, Tomas"]
[Black "Solon, Nathan"]
[WhiteFideId "135046"]
[BlackFideId "2017229"]
[WhiteElo "1955"]
[BlackElo "2644"]
[Result "0-1"]
[Round "04"]
[TimeControl "180+1"]
[Date "2021.07.13"]
[WhiteClock "0:00:23"]
[BlackClock "0:00:15"]

1. e4 c5 2. Nf3 d6 3. Bb5+ Nd7 4. O-O a6 5. Bd3 Ngf6 6. Re1 e6 7. c3 b5 8. Bc2 c4 9. a4 Bb7 10. axb5 axb5 11. Rxa8 Qxa8 12. Na3 Bxe4 13. Bxe4 Nxe4 14. Nxb5 Qb8 15. Rxe4 Qxb5 16. Nd4 Qd5 17. d3 Nc5 18. Rg4 f5 19. dxc4 Qxc4 20. Rg3 Kf7 21. b3 Qd5 22. c4 Qb7 23. Nb5 Ne4 24. Rd3 d5 25. Be3 Be7 26. Nd4 dxc4 27. bxc4 Rc8 28. f3 Nd6 29. c5 Rxc5 30. Nxe6 Rb5 31. Ng5+ Bxg5 32. Bxg5 Rb1 33. Bc1 Qc7 34. Rxd6 Qc5+ 35. Qd4 Qxc1+ 36. Kf2 Qe1# 0-1


[Site "https://www.chess.com"]

[Event "Titled Tuesday Blitz July 13 2021"]
[White "Kavyev, Ruslan"]
[Black "Ghazarian, Kirk"]
[WhiteFideId "34110981"]
[BlackFideId "30908604"]
[WhiteElo "2172"]
[BlackElo "2003"]
[Result "1-0"]
[Round "04"]
[TimeControl "180+1"]
[Date "2021.07.13"]
[WhiteClock "0:01:20"]
[BlackClock "0:01:21"]

1. e4 c6 2. d4 d5 3. Nd2 dxe4 4. Nxe4 Nf6 5. Nxf6+ exf6 6. c3 Bd6 7. Bd3 O-O 8. Qc2 h6 9. Ne2 Re8 10. O-O Nd7 11. Be3 Nf8 12. Rad1 Bg4 13. c4 Bh5 14. d5 cxd5 15. cxd5 Bg6 16. Nd4 Rc8 17. Qb3 Qc7 18. h3 a6 19. Bf5 Bxf5 20. Nxf5 b5 21. Bd4 Ng6 22. Qf3 Qd7 23. Nxg7 Kxg7 24. Qxf6+ Kf8 25. Qg7+ Ke7 26. Bf6# 1-0


[Site "https://www.chess.com"]

[Event "Titled Tuesday Blitz July 13 2021"]
[White "Khanin, Semen"]
[Black "Sjugirov, Sanan"]
[WhiteFideId "4111990"]
[BlackFideId "4189302"]
[WhiteElo "2521"]
[BlackElo "2472"]
[Result "0-1"]
[Round "04"]
[TimeControl "180+1"]
[Date "2021.07.13"]
[WhiteClock "0:00:09"]
[BlackClock "0:00:07"]

1. e4 e5 2. Nf3 Nc6 3. Bb5 Nf6 4. O-O Nxe4 5. d4 Nd6 6. dxe5 Nxb5 7. a4 Nbd4 8. Nxd4 d5 9. exd6 Nxd4 10. Qxd4 Qxd6 11. Qe3+ Be7 12. Nc3 a6 13. b3 Qe6 14. Qg3 Bd6 15. Bf4 Bxf4 16. Qxf4 Qc6 17. Qe5+ Be6 18. Nb5 f6 19. Qe3 Kf7 20. Nd4 Qd6 21. Rad1 Qe5 22. Qc3 c5 23. Rfe1 cxd4 24. Rxd4 Rac8 25. Qd2 Qf5 26. Rde4 Rhd8 27. Qb4 Bd5 28. Rf4 Qd7 29. Rd4 Re8 30. Red1 Rxc2 31. h3 Qe6 32. Rxd5 Rc7 33. R5d4 Qc6 34. Qd2 Rce7 35. Rd6 Qc7 36. Rd5 Qc6 37. Qd3 Qe6 38. Rd6 Qe5 39. Rd5 Qf4 40. Rd4 Re1+ 41. Qf1 Rxf1+ 42. Kxf1 Qe5 43. f4 Qe6 44. Kg1 Re7 45. f5 Qe5 46. Rd5 Qe4 47. Kh2 Qe3 48. R5d3 Qa7 49. Rd5 Qb8+ 50. Kh1 Qe8 51. Kh2 Re1 52. R1d3 Re7 53. Rd6 Qb8 54. Kg1 Qc7 55. R6d5 Qc6 56. Rd6 Qc5+ 57. Kh2 Qxf5 58. R6d5 Qf4+ 0-1


[Site "https://www.chess.com"]

[Event "Titled Tuesday Blitz July 13 2021"]
[White "Kim, Sergey"]
[Black "Shkapenko, Pavel"]
[WhiteFideId "13700570"]
[BlackFideId "4151933"]
[WhiteElo "2483"]
[BlackElo "2386"]
[Result "1-0"]
[Round "04"]
[TimeControl "180+1"]
[Date "2021.07.13"]
[WhiteClock "0:00:17"]
[BlackClock "0:00:20"]

1. d4 Nf6 2. c4 e6 3. Nc3 Bb4 4. Qc2 c5 5. dxc5 Bxc5 6. Nf3 Qb6 7. e3 Qc7 8. Bd3 b6 9. O-O Bb7 10. Ne4 Be7 11. b3 d6 12. Bb2 Nbd7 13. Rac1 Rc8 14. Nxf6+ Nxf6 15. e4 O-O 16. e5 dxe5 17. Nxe5 h6 18. Qe2 Ba8 19. f4 Rcd8 20. f5 exf5 21. Rxf5 Rfe8 22. Rcf1 Rxd3 23. Qxd3 Be4 24. Qg3 Bxf5 25. Rxf5 Ne4 26. Qf4 Bc5+ 27. Kf1 Ng5 28. h4 Qd6 29. Qg4 Qd2 30. Qe2 Qxe2+ 31. Kxe2 Ne6 32. Kd3 f6 33. Ng6 Rd8+ 34. Kc2 Bd4 35. Ne7+ Kf7 36. Nd5 Bxb2 37. Kxb2 Nc5 38. Kc3 Re8 39. Kb4 Re2 40. a4 Rb2 41. Rf3 Rxg2 42. Kb5 Rb2 43. b4 Nd3 44. Rxd3 f5 45. Kc6 g5 46. hxg5 hxg5 47. c5 bxc5 48. bxc5 f4 49. Kd6 Kg6 50. c6 Rb8 51. c7 Re8 52. Kd7 Rh8 53. Ne7+ Kf6 54. c8=Q Rxc8 55. Nxc8 g4 56. Nd6 Ke5 57. Nc4+ Ke4 58. Rd6 g3 59. Rg6 Kf5 60. Rg8 Ke4 61. Nd6+ Kf3 62. Nf5 Kf2 63. Nh4 f3 64. Nxf3 Kxf3 65. Kc7 g2 66. Kb7 Kf2 67. Kxa7 g1=Q 68. Rxg1 Kxg1 69. a5 Kf2 70. a6 Ke3 71. Kb7 Kd4 72. a7 1-0


[Site "https://www.chess.com"]

[Event "Titled Tuesday Blitz July 13 2021"]
[White "Klimkowski, Jan"]
[Black "Seul, Georg"]
[WhiteFideId "21856222"]
[BlackFideId "4601653"]
[WhiteElo "1903"]
[BlackElo "2332"]
[Result "0-1"]
[Round "04"]
[TimeControl "180+1"]
[Date "2021.07.13"]
[WhiteClock "0:00:31"]
[BlackClock "0:00:16"]

1. e4 e5 2. Nf3 Nc6 3. Bb5 a6 4. Ba4 Nf6 5. O-O Be7 6. Re1 b5 7. Bb3 d6 8. c3 O-O 9. h3 Na5 10. Bc2 c5 11. d4 Qc7 12. Nbd2 Bd7 13. d5 c4 14. Nf1 Nb7 15. Bd2 Nc5 16. b4 cxb3 17. axb3 a5 18. Ng3 Rfc8 19. Qb1 g6 20. Rc1 Qd8 21. Be3 Ne8 22. Ne1 Bg5 23. Bxg5 Qxg5 24. Nd3 Nxd3 25. Bxd3 h5 26. Kh1 h4 27. Nf1 Nf6 28. Qb2 Nh5 29. Qd2 Nf4 30. Ne3 b4 31. cxb4 axb4 32. Rxa8 Rxa8 33. Rg1 Nxd3 34. Qxd3 Ra2 35. Rf1 f5 36. Qb1 Re2 37. Qd1 Bb5 38. exf5 Rxe3 39. fxe3 Bxf1 40. Qxf1 gxf5 41. Qe1 f4 42. e4 Qg3 43. Qxb4 f3 44. Qd2 f2 45. Qe2 Qf4 46. Qf1 Qe3 47. Kh2 Qe1 48. Qb5 Qg1# 0-1


[Site "https://www.chess.com"]

[Event "Titled Tuesday Blitz July 13 2021"]
[White "Kretov, Evgenij"]
[Black "Navalgund, Niranjan"]
[WhiteFideId "4167821"]
[BlackFideId "5030854"]
[WhiteElo "2400"]
[BlackElo "2290"]
[Result "0-1"]
[Round "04"]
[TimeControl "180+1"]
[Date "2021.07.13"]
[WhiteClock "0:00:07"]
[BlackClock "0:00:09"]

1. d4 Nf6 2. c4 Nc6 3. Nf3 e6 4. Nc3 Bb4 5. Bg5 h6 6. Bh4 g5 7. Bg3 d6 8. d5 Bxc3+ 9. bxc3 Ne7 10. e3 exd5 11. cxd5 Nexd5 12. Bc4 Nxc3 13. Qb3 Nce4 14. Bxf7+ Kf8 15. Bc4 Kg7 16. Qb2 c6 17. O-O Bg4 18. Nd4 Qb6 19. Qc2 Nxg3 20. hxg3 Qc5 21. Qd3 d5 22. Bb3 Rae8 23. f4 Ne4 24. fxg5 hxg5 25. Nf5+ Kg6 26. Rac1 Qb4 27. Bxd5 Bxf5 28. Rxf5 Kxf5 29. Rf1+ Kg6 30. Bf7+ Kg7 31. Bxe8 Rxe8 32. Rb1 Qe7 33. Qd4+ Nf6 34. Rb3 Rd8 35. Qxa7 Rd1+ 36. Kf2 Ng4+ 37. Ke2 Rd7 38. Qa5 Qf6 39. Qe1 c5 40. Rb5 c4 41. e4 c3 42. e5 Qa6 43. Qb1 c2 0-1


[Site "https://www.chess.com"]

[Event "Titled Tuesday Blitz July 13 2021"]
[White "Kubatko, Ivan"]
[Black "Borsuk, Konstantin"]
[WhiteFideId "24111473"]
[BlackFideId "14113406"]
[WhiteElo "2285"]
[BlackElo "2363"]
[Result "0-1"]
[Round "04"]
[TimeControl "180+1"]
[Date "2021.07.13"]
[WhiteClock "0:00:03"]
[BlackClock "0:02:00"]

1. e4 e6 2. d4 d5 3. exd5 exd5 4. Nf3 Nc6 5. c4 Bb4+ 6. Nc3 Nge7 7. Bd3 Be6 8. c5 Bg4 9. a3 Bxc3+ 10. bxc3 b6 11. cxb6 axb6 12. O-O Qd7 13. Re1 O-O 14. h3 Bf5 15. Bf1 Ng6 16. g4 Be6 17. Ng5 h6 18. Nxe6 fxe6 19. Bd3 Nf4 20. Bxf4 Rxf4 21. Qe2 Re8 22. Qe3 Qd6 23. Qg3 Ref8 24. Re2 e5 25. Bb5 exd4 26. Bxc6 Qxc6 27. cxd4 Rxd4 28. Rae1 Rdf4 29. Re7 Qc5 0-1


[Site "https://www.chess.com"]

[Event "Titled Tuesday Blitz July 13 2021"]
[White "Kukhmazov, Arsen"]
[Black "FGHSMN"]
[WhiteFideId "24108260"]
[WhiteElo "2453"]
[BlackElo "2506"]
[Result "1-0"]
[Round "04"]
[TimeControl "180+1"]
[Date "2021.07.13"]
[WhiteClock "0:00:51"]
[BlackClock "0:00:03"]

1. d4 Nf6 2. c4 e6 3. Nf3 c5 4. d5 exd5 5. cxd5 d6 6. Nc3 g6 7. Bf4 a6 8. e4 b5 9. Qe2 Be7 10. Qc2 O-O 11. a4 b4 12. Nd1 Re8 13. Bd3 Bg4 14. Nd2 Bxd1 15. Rxd1 Nxd5 16. exd5 Bg5+ 17. Be3 Bxe3 18. fxe3 Rxe3+ 19. Kf2 Re8 20. Nf3 Nd7 21. Rhe1 Ne5 22. Nxe5 Qh4+ 23. Kg1 Rxe5 24. Rxe5 Qd4+ 25. Qf2 Qxe5 26. Re1 Qg5 27. h4 Qd8 28. Qf4 Ra7 29. h5 a5 30. h6 Re7 31. Rf1 f5 32. Qg5 Re8 33. Qxd8 Rxd8 34. Re1 Rc8 35. b3 Kf7 36. Bb5 Rd8 37. Re6 Kf8 38. Kf2 Kf7 39. Kf3 g5 40. Bd3 Re8 41. Bxf5 Rxe6 42. dxe6+ Kf6 43. Ke4 c4 44. bxc4 b3 45. g4 b2 46. Kd5 Ke7 47. Bxh7 1-0


[Site "https://www.chess.com"]

[Event "Titled Tuesday Blitz July 13 2021"]
[White "Langner, Ladislav"]
[Black "Barp, Alberto"]
[WhiteFideId "300403"]
[BlackFideId "872555"]
[WhiteElo "2346"]
[BlackElo "2229"]
[Result "0-1"]
[Round "04"]
[TimeControl "180+1"]
[Date "2021.07.13"]
[WhiteClock "0:00:49"]
[BlackClock "0:00:18"]

1. e4 e5 2. Bc4 Nf6 3. d3 Nc6 4. Nf3 Bc5 5. c3 d6 6. a4 a5 7. Nbd2 h6 8. O-O O-O 9. Re1 Be6 10. Bxe6 fxe6 11. Nb3 Bb6 12. d4 exd4 13. cxd4 e5 14. dxe5 Ng4 15. Nbd4 dxe5 16. Qb3+ Kh8 17. Ne6 Qf6 18. Be3 Nxe3 19. Nxf8 Ng4 20. Nd7 Bxf2+ 21. Kf1 Qd6 22. Rad1 Nd4 23. Qxb7 Rd8 24. Ndxe5 Nxe5 25. Kxf2 Nexf3 26. gxf3 Qxh2+ 27. Ke3 Nc2# 0-1


[Site "https://www.chess.com"]

[Event "Titled Tuesday Blitz July 13 2021"]
[White "Lazavik, Denis"]
[Black "Golubev, Mikhail"]
[WhiteFideId "13515110"]
[BlackFideId "14100983"]
[WhiteElo "2436"]
[BlackElo "2374"]
[Result "0-1"]
[Round "04"]
[TimeControl "180+1"]
[Date "2021.07.13"]
[WhiteClock "0:00:09"]
[BlackClock "0:00:16"]

1. d4 Nf6 2. c4 g6 3. g3 Bg7 4. Bg2 O-O 5. Nc3 d6 6. Nf3 Nbd7 7. O-O e5 8. e4 Re8 9. h3 b6 10. Be3 Bb7 11. Qc2 Nxe4 12. Nxe4 Bxe4 13. Qxe4 exd4 14. Qf4 dxe3 15. Ng5 Re7 16. Bxa8 e2 17. Rfe1 Qxa8 18. Rxe2 Rxe2 19. Qxf7+ Kh8 20. Qxd7 Qf8 21. Rf1 Re7 22. Qc6 Bxb2 23. Kg2 Qf5 24. Qa8+ Kg7 25. h4 Bf6 26. Nf3 Qe4 27. Qxa7 Qxc4 28. Qb8 Qxa2 29. Rc1 Qf7 30. Qc8 d5 31. Rc6 d4 32. Rc2 Rd7 33. Rd2 d3 34. Qa6 Qd5 35. Qa3 c5 36. g4 Qe4 37. Kg3 h5 38. gxh5 gxh5 39. Rd1 Qg4+ 40. Kh2 Qxf3 41. Rg1+ Kh7 42. Qa2 Be5+ 43. Rg3 Bxg3+ 44. fxg3 d2 45. Qe6 d1=Q 0-1


[Site "https://www.chess.com"]

[Event "Titled Tuesday Blitz July 13 2021"]
[White "Le, Tuan Minh"]
[Black "Stribuk, Artiom"]
[WhiteFideId "12401153"]
[BlackFideId "13515659"]
[WhiteElo "2450"]
[BlackElo "2224"]
[Result "1-0"]
[Round "04"]
[TimeControl "180+1"]
[Date "2021.07.13"]
[WhiteClock "0:01:10"]
[BlackClock "0:00:03"]

1. d4 Nf6 2. Nf3 g6 3. Bg5 Bg7 4. Nbd2 d5 5. c3 O-O 6. e3 Nbd7 7. Bd3 Re8 8. O-O e5 9. e4 exd4 10. cxd4 dxe4 11. Nxe4 h6 12. Qb3 Nf8 13. Nxf6+ Bxf6 14. Bxh6 Be6 15. Bc4 Bxc4 16. Qxc4 c6 17. Rad1 Qd5 18. Qxd5 cxd5 19. Be3 Rac8 20. Rc1 Ne6 21. g3 b5 22. Rfd1 a5 23. Kf1 a4 24. b3 axb3 25. axb3 Ra8 26. h4 Ra2 27. Ra1 Rb2 28. Rdb1 Rxb1+ 29. Rxb1 Ra8 30. Ke2 Ra2+ 31. Kd3 Nd8 32. Rc1 Ra3 33. Rc8 Kg7 34. Kc3 Ne6 35. Kb4 Ra2 36. Kxb5 Rb2 37. Rc3 Rb1 38. Kc6 Kf8 39. Kxd5 Ke7 40. Kc4 Kd6 41. b4 Kd7 42. Ra3 Nc7 43. Ra7 Kc8 44. Bf4 Ne6 45. Rxf7 Nxf4 46. Rxf6 Rc1+ 47. Kb3 Nd5 48. Rf8+ Kd7 49. Ne5+ Ke6 50. Nxg6 Rc3+ 51. Kb2 Rc4 52. Nf4+ Nxf4 53. Rxf4 Rxb4+ 54. Kc3 1-0


[Site "https://www.chess.com"]

[Event "Titled Tuesday Blitz July 13 2021"]
[White "Maevsky, Nikolay"]
[Black "Castellanos Hernandez, Emilio Au"]
[WhiteFideId "4198220"]
[BlackFideId "5114179"]
[WhiteElo "2213"]
[BlackElo "2021"]
[Result "1-0"]
[Round "04"]
[TimeControl "180+1"]
[Date "2021.07.13"]
[WhiteClock "0:00:31"]
[BlackClock "0:00:02"]

1. d4 d5 2. Nf3 Nf6 3. e3 Bg4 4. c4 e6 5. Qb3 Nc6 6. Qxb7 Nb4 7. Qb5+ c6 8. Qa4 Bf5 9. Na3 Be7 10. Bd2 a5 11. cxd5 exd5 12. Be2 O-O 13. O-O Ne4 14. Bc3 Qd6 15. Qd1 g5 16. Ne5 f6 17. Nd3 Rf7 18. Nc2 Nxc2 19. Qxc2 h5 20. f3 Nxc3 21. Qxc3 Rg7 22. Nc5 g4 23. f4 h4 24. Bd3 Bxd3 25. Qxd3 Rf8 26. f5 Bd8 27. Ne6 Rff7 28. Qa3 Bc7 29. Qxd6 Bxd6 30. Nxg7 Rxg7 31. Rac1 Rc7 32. Rc3 Bb4 33. Rc2 c5 34. a3 1-0


[Site "https://www.chess.com"]

[Event "Titled Tuesday Blitz July 13 2021"]
[White "Maiorov, Nikita"]
[Black "Spitzl, Vinzent"]
[WhiteFideId "13501720"]
[BlackFideId "12901253"]
[WhiteElo "2440"]
[BlackElo "2192"]
[Result "1-0"]
[Round "04"]
[TimeControl "180+1"]
[Date "2021.07.13"]
[WhiteClock "0:01:14"]
[BlackClock "0:00:05"]

1. d4 f5 2. c4 Nf6 3. g3 g6 4. Bg2 Bg7 5. Nf3 O-O 6. O-O d6 7. Nc3 c6 8. Rb1 a5 9. d5 e5 10. e4 fxe4 11. Ng5 cxd5 12. Nxd5 Nc6 13. Nxf6+ Bxf6 14. Nxe4 Be7 15. Bh6 Rf7 16. Qd2 Be6 17. Ng5 Bxg5 18. Bxg5 Qc7 19. Rfd1 Nd4 20. Be3 Qxc4 21. Bxd4 exd4 22. b3 Qb4 23. Qxd4 Qxd4 24. Rxd4 a4 25. bxa4 Bxa2 26. Rxb7 Rxb7 27. Bxb7 Ra7 28. Bc6 Bb3 29. Rb4 Bc2 30. Kf1 Kf7 31. Bd5+ Kf6 32. Bc6 h6 33. Ke2 Ke5 34. Ke3 Ra5 35. Bb5 d5 36. f4+ Kd6 37. Kd4 Bf5 38. Rb2 Ra7 39. Re2 Rc7 40. Re5 Be6 41. a5 Rc5 42. Rxe6+ 1-0


[Site "https://www.chess.com"]

[Event "Titled Tuesday Blitz July 13 2021"]
[White "Maksimovic, Bojan"]
[Black "Paravyan, David"]
[WhiteFideId "14408120"]
[BlackFideId "4194985"]
[WhiteElo "2439"]
[BlackElo "2562"]
[Result "1/2-1/2"]
[Round "04"]
[TimeControl "180+1"]
[Date "2021.07.13"]
[WhiteClock "0:00:02"]
[BlackClock "0:00:05"]

1. e4 c6 2. d4 d5 3. Nc3 dxe4 4. Nxe4 Nf6 5. Nxf6+ exf6 6. c3 Bd6 7. Bd3 O-O 8. Ne2 Re8 9. Qc2 h5 10. O-O Nd7 11. Bd2 Nf8 12. Rae1 h4 13. h3 Qc7 14. c4 b6 15. b3 c5 16. d5 Bd7 17. f4 Re7 18. f5 Rae8 19. Qd1 Nh7 20. Nc3 Ng5 21. Rxe7 Rxe7 22. Bxg5 fxg5 23. f6 gxf6 24. Qh5 Re3 25. Qh7+ Kf8 26. Qh8+ Ke7 27. Qxf6+ Ke8 28. Qxf7+ Kd8 29. Qg8+ Be8 30. Qxg5+ Qe7 31. Qxe7+ Kxe7 32. Rf3 Re1+ 33. Kf2 Ra1 34. Re3+ Kf8 35. Rf3+ Ke7 36. Re3+ Kf8 37. Ne4 Rxa2+ 38. Re2 Rxe2+ 39. Kxe2 Ke7 40. Nxd6 Kxd6 41. Kf3 Bh5+ 42. g4 hxg3+ 43. Kxg3 Bd1 44. h4 a5 45. Kf4 Ke7 46. Ke5 Bxb3 47. d6+ Kd7 48. h5 a4 49. h6 a3 50. h7 a2 51. Bf5+ Kc6 52. Be4+ Kd7 53. Bf5+ Kc6 54. Be4+ Kd7 55. Bf5+ 1/2-1/2


[Site "https://www.chess.com"]

[Event "Titled Tuesday Blitz July 13 2021"]
[White "Manukyan, Artyom"]
[Black "Gabrielian, Artur"]
[WhiteFideId "13305786"]
[BlackFideId "4131002"]
[WhiteElo "2034"]
[BlackElo "2523"]
[Result "0-1"]
[Round "04"]
[TimeControl "180+1"]
[Date "2021.07.13"]
[WhiteClock "0:00:07"]
[BlackClock "0:00:21"]

1. e4 c5 2. Nc3 d6 3. f4 Nc6 4. Nf3 Nf6 5. Bb5 Bd7 6. O-O e6 7. d3 Be7 8. Qe1 O-O 9. Kh1 Rc8 10. Bxc6 Bxc6 11. Qg3 Kh8 12. Bd2 c4 13. Rae1 cxd3 14. cxd3 b5 15. a3 a5 16. Nd4 b4 17. Nxc6 Rxc6 18. axb4 axb4 19. Ne2 Rc2 20. Bxb4 Rxb2 21. Bc3 Rc2 22. Ba1 Qa5 23. Nd4 Rcc8 24. Nf3 h6 25. e5 dxe5 26. Bxe5 Rg8 27. Qh3 Nh7 28. Ba1 Bf6 29. Ne5 Bxe5 30. Bxe5 Rc2 31. Ra1 Qd5 32. Rae1 f6 33. Ba1 Re8 34. Rg1 Nf8 35. Qg4 Kh7 36. h3 Ng6 37. f5 exf5 38. Qg3 Rxe1 39. Rxe1 Rd2 40. d4 f4 41. Qg4 h5 42. Qf3 Qxf3 43. gxf3 Nh4 44. Rf1 g5 45. d5 Kg6 46. Bc3 Rxd5 47. Be1 Nf5 48. Bf2 Rd3 49. Kg2 Ne3+ 50. Bxe3 fxe3 51. Ra1 Rd2+ 52. Kf1 Rf2+ 53. Ke1 Rxf3 54. Ra6 Rxh3 55. Ke2 g4 56. Ra8 Rf3 57. Rg8+ Kf7 58. Rh8 Rh3 59. Ke1 f5 60. Ke2 f4 61. Rh6 0-1


[Site "https://www.chess.com"]

[Event "Titled Tuesday Blitz July 13 2021"]
[White "Martinez Alcantara, Jose Eduardo"]
[Black "Cornette, Matthieu"]
[WhiteFideId "3805662"]
[BlackFideId "620084"]
[WhiteElo "2690"]
[BlackElo "2500"]
[Result "1-0"]
[Round "04"]
[TimeControl "180+1"]
[Date "2021.07.13"]
[WhiteClock "0:00:05"]
[BlackClock "0:00:04"]

1. c4 b6 2. Nc3 Bb7 3. e4 e5 4. g3 f5 5. d3 Nf6 6. Bg2 Bc5 7. Nge2 fxe4 8. dxe4 O-O 9. f3 Nc6 10. a3 a5 11. b3 d6 12. Rb1 Kh8 13. Qd3 Qe7 14. Nb5 Ba6 15. Be3 Bxb5 16. cxb5 Bxe3 17. Qxe3 Nd8 18. O-O Ne6 19. Rbc1 Nd7 20. Rc4 Ndc5 21. Bh3 Qe8 22. b4 axb4 23. axb4 Qxb5 24. Rfc1 Nd4 25. Nxd4 exd4 26. Rxd4 Na6 27. Bf1 Qd7 28. Qd2 Qe7 29. Ra1 c5 30. bxc5 dxc5 31. Rd7 Qf6 32. Rxa6 Qxf3 33. Bg2 Qb3 34. Rxa8 1-0


[Site "https://www.chess.com"]

[Event "Titled Tuesday Blitz July 13 2021"]
[White "Martinez Reyes, Pedro Ramon"]
[Black "Willow, Jonah B"]
[WhiteFideId "3901807"]
[BlackFideId "438804"]
[WhiteElo "2398"]
[BlackElo "2261"]
[Result "1/2-1/2"]
[Round "04"]
[TimeControl "180+1"]
[Date "2021.07.13"]
[WhiteClock "0:00:06"]
[BlackClock "0:00:06"]

1. e4 c5 2. Nf3 g6 3. d4 cxd4 4. Qxd4 Nf6 5. Bb5 Nc6 6. Bxc6 bxc6 7. e5 Nd5 8. O-O Bg7 9. Qh4 h6 10. c4 Nc7 11. Nc3 Ne6 12. Rd1 Rb8 13. Qg3 O-O 14. Nd4 Nxd4 15. Rxd4 d6 16. Rh4 Bxe5 17. Bf4 Bxf4 18. Qxf4 g5 19. Qg3 Kg7 20. f4 f6 21. Ne4 e5 22. fxg5 fxg5 23. Rd1 Rf4 24. Rxf4 exf4 25. Qc3+ Kg8 26. Rxd6 Qb6+ 27. c5 Qxb2 28. Rd8+ Kh7 29. Qxb2 Rxb2 30. Rxc8 Kg6 31. g4 fxg3 32. Nxg3 g4 33. Rxc6+ Kg5 34. Rc7 Rxa2 35. c6 Rc2 36. Rc8 Kh4 37. c7 Kh3 38. Nf1 Rc1 39. Kf2 Kh4 40. Ng3 Rc2+ 41. Ke3 Rc5 42. Kf4 Rc4+ 43. Ne4 Kh3 44. Rh8 Rxc7 45. Rxh6+ Kg2 46. Kxg4 Rc4 47. Kf4 a5 48. h4 a4 49. Ra6 Kh3 50. h5 Kh4 51. h6 Kh5 52. h7 Rc8 53. Rxa4 Kg6 54. Ra7 Rh8 55. Ng5 Kf6 56. Kg4 Kg6 57. Ra6+ Kg7 58. Kf5 Rf8+ 59. Kg4 Kh8 60. Kh5 Rc8 61. Rg6 Rd8 62. Nf7+ Kxh7 63. Ng5+ Kh8 64. Kh6 Rf8 65. Rd6 Kg8 66. Rg6+ Kh8 67. Ne6 Re8 68. Kg5 Kh7 69. Rf6 Kg8 70. Kg6 Rc8 71. Ng5 Kh8 72. Ra6 Rb8 73. Nf7+ Kg8 74. Ng5 Kh8 75. Ra7 Rb6+ 76. Kh5 Rb8 77. Nf7+ Kg7 78. Ng5+ Kf6 79. Rf7+ Ke5 80. Rf2 Rb1 81. Kg4 Rg1+ 82. Kh5 Ra1 83. Kg6 Rg1 84. Rf5+ Kd6 85. Kf6 Ra1 86. Ne4+ Kc6 87. Ke5 Re1 88. Rf6+ Kd7 89. Rd6+ Ke7 90. Ra6 Kd7 91. Kd5 Rd1+ 92. Ke5 Re1 93. Kd4 Rd1+ 94. Kc4 Rc1+ 95. Nc3 Ke7 96. Kd4 Kf7 97. Ne4 Re1 98. Ke5 Kg7 99. Kf5 Rf1+ 100. Kg4 Kf7 101. Ng3 Rg1 102. Kf4 Ke7 103. Ne4 Kd7 104. Ke5 Re1 1/2-1/2


[Site "https://www.chess.com"]

[Event "Titled Tuesday Blitz July 13 2021"]
[White "Matinian, Nikita"]
[Black "Shevchenko, Kirill"]
[WhiteFideId "24129100"]
[BlackFideId "14129574"]
[WhiteElo "2410"]
[BlackElo "2569"]
[Result "1-0"]
[Round "04"]
[TimeControl "180+1"]
[Date "2021.07.13"]
[WhiteClock "0:00:31"]
[BlackClock "0:00:01"]

1. e4 c5 2. Nf3 g6 3. c3 Bg7 4. d4 cxd4 5. cxd4 d5 6. e5 a6 7. h4 h6 8. Nc3 Nc6 9. Be3 Bg4 10. Be2 e6 11. Rc1 Nge7 12. Na4 Nf5 13. Nc5 Qa5+ 14. Kf1 Qb6 15. Qd2 Rc8 16. Rc3 Nxe3+ 17. fxe3 h5 18. Rb3 Qa5 19. Nxb7 Qxd2 20. Nxd2 Nxd4 21. Nd6+ Kf8 22. exd4 Rc1+ 23. Kf2 Rxh1 24. Rb8+ Ke7 25. Rb7+ Kf8 26. Nxf7 Bxe2 27. Kxe2 Rxh4 28. Nf3 Re4+ 29. Kd3 Rg8 30. N3g5 Ke8 31. Nd6+ 1-0


[Site "https://www.chess.com"]

[Event "Titled Tuesday Blitz July 13 2021"]
[White "Mikaelyan, Arman"]
[Black "Popilski, Gil"]
[WhiteFideId "13304852"]
[BlackFideId "2809060"]
[WhiteElo "2461"]
[BlackElo "2537"]
[Result "1/2-1/2"]
[Round "04"]
[TimeControl "180+1"]
[Date "2021.07.13"]
[WhiteClock "0:00:02"]
[BlackClock "0:00:03"]

1. d4 Nf6 2. g3 d5 3. Bg2 c6 4. Nf3 Bf5 5. O-O e6 6. c4 Nbd7 7. Nc3 Be7 8. Qb3 Qb6 9. Qxb6 axb6 10. Nh4 Bg4 11. h3 Bh5 12. cxd5 exd5 13. Nf5 Bf8 14. Bf4 O-O-O 15. Rac1 Ne8 16. Nb5 Ndf6 17. Rfe1 Kd7 18. Nc3 Bg6 19. Nh4 Bd6 20. Nxg6 hxg6 21. Bd2 Nc7 22. a3 b5 23. h4 Rhe8 24. Bh3+ Ke7 25. Kg2 Ra8 26. Na2 Ra4 27. Nb4 Ne6 28. Bxe6 Kxe6 29. f3 Kd7 30. e3 Nh5 31. g4 Nf6 32. Nd3 Rc4 33. Kf2 Rxc1 34. Rxc1 Rh8 35. Rh1 Ne8 36. Bc3 Nc7 37. h5 gxh5 38. Rxh5 Rxh5 39. gxh5 Ne6 40. f4 f6 41. Kf3 Ke7 42. Kg4 Kf7 43. Kf5 Nf8 44. Bb4 Bxb4 45. axb4 b6 46. Ne1 g6+ 47. hxg6+ Nxg6 48. Nf3 Ne7+ 49. Kg4 Ke6 50. Nh4 Nc8 51. Kh5 Nd6 52. Kg6 Nc4 53. Nf5 Nxb2 54. Ng7+ Ke7 55. Nf5+ Ke6 56. Ng7+ Ke7 57. Nf5+ Ke6 1/2-1/2


[Site "https://www.chess.com"]

[Event "Titled Tuesday Blitz July 13 2021"]
[White "Nabaty, Tamir"]
[Black "Shahade, Gregory"]
[WhiteFideId "2809052"]
[BlackFideId "2009064"]
[WhiteElo "2627"]
[BlackElo "2720"]
[Result "1-0"]
[Round "04"]
[TimeControl "180+1"]
[Date "2021.07.13"]
[WhiteClock "0:00:21"]
[BlackClock "0:00:12"]

1. Nf3 Nf6 2. b3 g6 3. Bb2 Bg7 4. g3 b5 5. Bg2 Bb7 6. O-O O-O 7. c4 a6 8. d4 e6 9. Nc3 Ne4 10. Rc1 d6 11. Nxe4 Bxe4 12. Qd2 Nd7 13. Rfd1 bxc4 14. Rxc4 Nb6 15. Rcc1 a5 16. Ne1 Bxg2 17. Kxg2 a4 18. e4 axb3 19. axb3 Ra2 20. Ra1 Qa8 21. Rxa2 Qxa2 22. Qc3 Qa8 23. f3 c5 24. Qc2 cxd4 25. Bxd4 Bxd4 26. Rxd4 d5 27. Qd2 Rc8 28. Nd3 Qa1 29. Rb4 Qb1 30. Nf2 Nd7 31. exd5 exd5 32. Qxd5 Nf6 33. Qe5 Rc6 34. Rb8+ Kg7 35. g4 h6 36. h4 Rc1 37. g5 Rg1+ 38. Kh2 hxg5 39. hxg5 Kh7 40. gxf6 Qf1 41. Rh8+ Kxh8 42. Qe8+ Kh7 43. Qxf7+ Kh6 44. Qg7+ Kg5 45. Nh3+ Kf5 46. Qd7+ Kxf6 47. Qd4+ Kf7 48. Nxg1 g5 49. Qc4+ Qxc4 50. bxc4 1-0


[Site "https://www.chess.com"]

[Event "Titled Tuesday Blitz July 13 2021"]
[White "Nakamura, Hikaru"]
[Black "Cabarkapa, Novak"]
[WhiteFideId "2016192"]
[BlackFideId "943746"]
[WhiteElo "2900"]
[BlackElo "2469"]
[Result "1-0"]
[Round "04"]
[TimeControl "180+1"]
[Date "2021.07.13"]
[WhiteClock "0:01:12"]
[BlackClock "0:00:04"]

1. Nf3 Nf6 2. b3 g6 3. Bb2 Bg7 4. d4 d5 5. e3 O-O 6. c4 c6 7. Bd3 a6 8. Nbd2 b5 9. O-O Bf5 10. Bxf5 gxf5 11. Ne5 e6 12. Rc1 Nfd7 13. Nd3 bxc4 14. bxc4 a5 15. Ba3 Re8 16. Bd6 Nf6 17. c5 Ne4 18. Nxe4 fxe4 19. Ne5 f6 20. Ng4 h5 21. Nxf6+ Qxf6 22. Qxh5 Nd7 23. Rb1 Qf5 24. Qxf5 exf5 25. Rb7 Nf6 26. Rfb1 Bf8 27. Be5 Ng4 28. Bf4 Bh6 29. h3 Bxf4 30. hxg4 Bg5 31. gxf5 Re7 32. R7b6 Rc7 33. g4 Kf7 34. Kg2 Bd8 35. Rh1 Kg7 36. Rh5 Rcc8 37. Rb7+ Rc7 38. Rxc7+ Bxc7 39. Rg5+ Kf7 40. Rg6 Ra6 41. g5 Bd8 42. a4 Ra7 43. Kg3 Rb7 44. Kg4 Rb2 45. Rd6 Be7 46. Rxc6 Rxf2 47. Rc7 Rg2+ 48. Kf4 Rf2+ 49. Ke5 Ke8 50. f6 Bd8 51. Rh7 Rg2 52. Ke6 1-0


[Site "https://www.chess.com"]